 Dungeon Crawl Stone Soup version 0.23.0 (webtiles) character file.

Game seed: 18378231583000488135

2146 Kondrat the Protected (level 9, 0/69 HPs)
             Began as a Formicid Fighter on Feb 9, 2019.
             Succumbed to a killer bee's poison
             ... on level 9 of the Dungeon.
             The game lasted 00:15:37 (6647 turns).

Kondrat the Protected (Formicid Fighter)            Turns: 6647, Time: 00:15:37

Health: 0/69       AC: 15    Str: 29      XL:     9   Next: 56%
Magic:  9/9        EV:  8    Int:  8      God:
Gold:   378        SH: 12    Dex:  8 (10) Spells: 8/8 levels left

rFire    . . .     SeeInvis +   a - +0 quarterstaff
rCold    . . .     Gourm    .   c - +0 shield
rNeg     . . .     Faith    .   p - +0 plate armour
rPois    .         Spirit   .   (helmet unavailable)
rElec    .         Reflect  .   (no cloak)
rCorr    .         Harm     .   n - +0 pair of gloves
MR       .....                  (no boots)
Stlth    ..........             (no amulet)
HPRegen  0.21/turn              (no ring)
MPRegen  0.11/turn              v - ring of flight

@: mighty, lethally poisoned (0 -> -10)
A: permanent stasis, dig shafts and tunnels, four strong arms, antennae 3
a: Dig, Shaft Self, Evoke Flight


You were on level 9 of the Dungeon.
You were hungry.

You visited 1 branch of the dungeon, and saw 9 of its levels.

You collected 378 gold pieces.

Inventory:

Hand Weapons
 a - a +0 quarterstaff (weapon)
 o - a +0 hand axe of draining
Missiles
 r - 2 throwing nets (quivered)
Armour
 c - a +0 shield (worn)
 n - a +0 pair of gloves (worn)
 p - a +0 plate armour (worn)
Jewellery
 v - a ring of flight (right hand)
Scrolls
 b - a scroll of noise {unknown}
 j - 2 scrolls of enchant weapon {unknown}
 k - 2 scrolls of remove curse
 l - 4 scrolls of identify
 m - 2 scrolls of amnesia
 q - 2 scrolls of fear
 u - 2 scrolls of random uselessness {unknown}
 x - 2 scrolls of enchant armour {unknown}
Potions
 d - 2 potions of might
 e - a potion of lignification {unknown}
 w - a potion of resistance
Comestibles
 f - 10 rations
 g - 2 chunks of flesh


   Skills:
 + Level 6.2 Fighting
 - Level 2.0 Staves
 - Level 10.0 Armour
 - Level 9.0 Shields


You had 8 spell levels left.
You didn't know any spells.
Your spell library contained the following spells:

 Spells                   Type           Power        Failure   Level  Hunger
 Corona                   Hex            #......      97%         1    ##.....
 Magic Dart               Conj           #...         97%         1    ##.....
 Sting                    Conj/Pois      #...         97%         1    ##.....
 Summon Small Mammal      Summ           #...         97%         1    ##.....
 Call Imp                 Summ           #.......     99%         2    ###....
 Ensorcelled Hibernation  Hex/Ice        #.....       99%         2    ###....
 Poisonous Vapours        Pois/Air       #.....       99%         2    ###....
 Slow                     Hex            #.......     99%         2    ###....
 Call Canine Familiar     Summ           #.......     100%        3    ####...
 Confuse                  Hex            #.......     100%        3    ####...
 Conjure Flame            Conj/Fire      #.......     100%        3    ####...
 Dazzling Spray           Conj/Hex       #.....       100%        3    ####...
 Mephitic Cloud           Conj/Pois/Air  #.......     100%        3    ####...
 Summon Guardian Golem    Hex/Summ       #.......     100%        3    ####...
 Tukima's Dance           Hex            #.......     100%        3    ####...
 Olgreb's Toxic Radiance  Pois           #.......     100%        4    #####..
 Summon Ice Beast         Ice/Summ       #.......     100%        4    #####..
 Summon Lightning Spire   Summ/Air       #.......     100%        4    #####..
 Venom Bolt               Conj/Pois      #.........   100%        5    ######.
 Blink                    Tloc           Unusable     N/A         2    N/A

Dungeon Overview and Level Annotations

Branches:
Dungeon (9/15)             Temple (0/1) D:7
   Lair: D:8-11         Orc: D:9-12

Altars:
Elyvilon
Trog
Yredelemnul

Annotations:
D:8 Prince Ribbit


Innate Abilities, Weirdness & Mutations

You cannot be hasted, slowed, berserked, paralysed or teleported.
You can dig through walls and to a lower floor.
Your four strong arms can wield two-handed weapons with a shield.
You have a pair of large antennae on your head. (SInv)


Message History

The killer bee poisons you!
You barely miss the killer bee.
The killer bee is severely wounded.
* * * LOW HITPOINT WARNING * * *
You feel sick. You block the killer bee's attack. x2
You hit the killer bee.
You kill the killer bee!
* * * LOW HITPOINT WARNING * * *
You feel sick.
The centaur hits you with a cursed -2 shortbow.
* * * LOW HITPOINT WARNING * * *
You barely miss the centaur.
* * * LOW HITPOINT WARNING * * *
You feel sick.
The centaur hits you with a cursed -2 shortbow.
* * * LOW HITPOINT WARNING * * *
The centaur hits you but does no damage.
You thump the centaur!
The centaur is heavily wounded.
You die...

#......# {
.....#.####### {
#.#..#..$..... .{
#.#........c..
...###.............
.......##.#.##
#..c....#
####.##.##.#
#@#..##.# .#
##c#.##.# .#
###.##.# .# #.....
.. ####.# #. ..#


You could see a centaur.

Vanquished Creatures
  Joseph (D:8)
  A hungry ghost (D:7)
  An orc warrior (D:8)
  A sky beast (D:6)
  2 ice beasts (D:7)
  A necrophage (D:7)
  An ogre (D:4)
  4 bullfrogs
  A scorpion (D:4)
  A killer bee (D:9)
  A crimson imp (D:5)
  A quasit (D:7)
  An orc priest (D:8)
  2 jellies
  A centaur skeleton (D:7)
  4 hounds
  3 orc wizards
  A bullfrog skeleton (D:6)
  2 worker ants (D:5)
  A hound zombie (D:5)
  9 gnolls
  11 adders
  A shadow imp (D:7)
  2 oozes
  An adder skeleton (D:8)
  A worm (D:3)
  2 dart slugs
  4 leopard geckos
  19 orcs
  12 bats
  4 giant cockroaches
  5 goblins
  5 hobgoblins
  8 jackals
  A quokka (D:2)
  5 frilled lizards
  A jackal skeleton (D:7)
  3 kobolds
  2 leopard gecko skeletons (D:4)
  A quokka skeleton (D:4)
  6 rats
134 creatures vanquished.

Notes
Turn   | Place    | Note
-------+----------+-------------------------------------------
     0 | D:1      | Kondrat the Formicid Fighter began the quest for the Orb.
     0 | D:1      | Reached XP level 1. HP: 18/18 MP: 1/1
   135 | D:1      | Reached XP level 2. HP: 25/25 MP: 2/2
   154 | D:1      | You fall through a shaft!
   250 | D:2      | Reached XP level 3. HP: 23/31 MP: 3/3
   295 | D:2      | Found a bloodstained altar of Trog.
   295 | D:2      | Found a basalt altar of Yredelemnul.
   735 | D:2      | Reached skill level 5 in Fighting
   735 | D:2      | Reached XP level 4. HP: 38/39 MP: 4/4
  1575 | D:1      | You fall through a shaft!
  1578 | D:2      | You fall through a shaft for 2 floors!
  1624 | D:4      | Reached XP level 5. HP: 22/46 MP: 5/5
  1811 | D:4      | Noticed an ogre
  1838 | D:4      | Killed an ogre
  1838 | D:4      | Reached skill level 5 in Shields
  1838 | D:4      | Reached XP level 6. HP: 50/52 MP: 6/6
  2294 | D:4      | Reached XP level 7. HP: 46/58 MP: 7/7
  3400 | D:5      | Entered Level 5 of the Dungeon
  3629 | D:5      | Reached skill level 4 in Armour
  3755 | D:5      | Found a white marble altar of Elyvilon.
  4138 | D:5      | Reached XP level 8. HP: 64/64 MP: 8/8
  4706 | D:6      | Reached skill level 5 in Armour
  5178 | D:7      | Reached skill level 6 in Armour
  5274 | D:7      | Reached skill level 7 in Armour
  5364 | D:7      | Reached XP level 9. HP: 49/69 MP: 9/9
  5436 | D:7      | Reached skill level 8 in Armour
  5501 | D:7      | Found a staircase to the Ecumenical Temple.
  5860 | D:6      | You fall through a shaft!
  5870 | D:7      | HP: 3/69 [poisoned by a killer bee]
  5875 | D:7      | HP: 2/69 [poisoned by a killer bee]
  5882 | D:7      | HP: 2/69 [poisoned by a killer bee]
  5890 | D:7      | HP: 2/69 [poisoned by a killer bee]
  6254 | D:8      | Noticed Joseph
  6279 | D:8      | Killed Joseph
  6279 | D:8      | Reached skill level 9 in Armour
  6508 | D:8      | Noticed Prince Ribbit
  6534 | D:6      | You fall through a shaft for 2 floors!
  6598 | D:7      | Reached skill level 10 in Armour
  6636 | D:9      | HP: 3/69 [poisoned by a killer bee]
  6646 | D:9      | HP: 1/69 [centaur/cursed -2 shortbow (5)]
  6647 | D:9      | Succumbed to a killer bee's poison

Skill      XL: |  1  2  3  4  5  6  7  8  9 |
---------------+----------------------------+-----
Fighting       | 4 5 6 |  6.2
Shields        | 5 6 8 9 |  9.0
Armour         | 4 7 10 | 10.0
Staves         | |  2.0

Action                   |  1- 3 |  4- 6 |  7- 9 || total
-------------------------+-------+-------+-------++-------
Melee: Quarterstaff      |    68 |   157 |   493 ||   718
 Abil: Shaft Self        |     1 |     2 |     2 ||     5
       Dig               |     3 |     7 |    20 ||    30
  Use: Scroll            |       |       |     8 ||     8
       Potion            |       |       |     3 ||     3
  Eat: Chunk             |       |     7 |    11 ||    18
       Ration            |       |       |     3 ||     3
Armor: Scale mail        |    40 |     3 |       ||    43
       Chain mail        |       |    59 |    13 ||    72
       Plate armour      |       |       |   315 ||   315
Dodge: Dodged            |    16 |    31 |   173 ||   220
Block: Shield            |    41 |    72 |   390 ||   503
